Description

bla bla bla

Replay - Neeb v Nerchio: Game 2 - Newkirk Precinct TE (Void)

Build Order

Get SALT Encoding   

  12  0:00  Drone  
  13  0:13  Overlord  
  13  0:18  Drone  
  14  0:31  Drone x3  
  17  0:53  Hatchery  
  17  0:56  Drone x2  
  18  1:07  Extractor  
  17  1:15  Spawning Pool  
  16  1:18  Drone x2  
  18  1:28  Drone  
  19  1:38  Overlord  
  20  2:01  Queen x2  
  20  2:06  Metabolic Boost  
  24  2:09  Zergling x4  
  32  2:49  Hatchery  
  32  2:50  Zergling x2  
  32  2:54  Overlord  
  32  2:57  Zergling x2  
  35  3:11  Overlord  
  41  3:31  Queen  
  45  3:37  Spore Crawler  
  46  3:46  Spore Crawler  
  46  3:48  Zergling x4  
  48  3:54  Zergling x2  
  50  4:00  Queen  
  50  4:01  Overlord  
  52  4:09  Zergling x4  
  54  4:13  Queen  
  56  4:20  Roach Warren  
  61  4:30  Extractor  
  59  4:53  Extractor  
  59  4:58  Spore Crawler  
  57  5:04  Roach x6  
  69  5:08  Lair  
  78  5:18  Evolution Chamber  
  76  5:23  Roach x3  
  80  5:38  Roach  
  89  5:50  Zerg Melee Weapons Level 1  
  93  6:05  Glial Reconstitution  
  113  6:54  Zergling x2  
  124  7:13  Ravager x4  
  102  8:01  Extractor  
  100  8:21  Spire, Extractor x2  
  104  8:43  Overseer  
  107  9:05  Zerg Melee Weapons Level 2  
  107  9:07  Baneling Nest  
  107  9:08  Hatchery  
  139  9:53  Centrifical Hooks  
Spawning Tool Build Advisor. Get it on Overwolf

Analysis

bla bla bla

Go to:

Details

  • Created by: Stankwagon
  • Published on: May 20, 2017
  • Modified on: May 20, 2017
  • Patch: 3.8.0
Show
View Real Time Build Order
Export as new Build Order

Comments (0)

There are no comments. Be the first!

Create an account to comment!